 Dungeon Crawl Stone Soup version 0.19.1-1-g22dce08 (webtiles) character file.

3846 Jynx the Arsonist (level 9, -5/45 HPs)
             Began as a Deep Elf Fire Elementalist on Jan 7, 2017.
             Was a Priest of Vehumet.
             Killed by the air
             ... invoked by Gastronok
              (25 damage)
             ... on level 8 of the Dungeon.
             The game lasted 00:19:19 (9188 turns).

Jynx the Arsonist (Deep Elf Fire Elementalist)      Turns: 9188, Time: 00:19:20

Health: -5/45      AC:  4    Str:  5    XL:     9   Next: 98%
Magic:  1/24       EV: 13    Int: 24    God:    Vehumet [***...]
Gold:   376        SH:  0    Dex: 15    Spells: 6 memorised, 7 levels left

rFire  . . .     SeeInvis .     u - +4 quarterstaff (chaos)
rCold  . . .     Gourm    .     g - +0 robe {MR+}
rNeg   + + .     Faith    .     (shield currently unavailable)
rPois  .         Spirit   .     (no helmet)
rElec  .         Reflect  .     w - +1 cloak {+Inv}
rCorr  .         Harm     .     (no gloves)
MR     +....                    (no boots)
Stlth  ++........               (no amulet)
                                B - ring of positive energy
                                p - ring of positive energy

@: no status effects
A: no striking features
a: Renounce Religion, Evoke Invisibility


You were on level 8 of the Dungeon.
You worshipped Vehumet.
Vehumet was most pleased with you.
You were very hungry.

You visited 1 branch of the dungeon, and saw 8 of its levels.

You collected 376 gold pieces.

Inventory:

Hand Weapons
 u - a +4 quarterstaff of chaos (weapon)
Armour
 a - a +2 robe
 g - a +0 robe of magic resistance (worn)
 w - a +1 cloak of invisibility (worn)
Jewellery
 p - a ring of positive energy (left hand)
 B - a ring of positive energy (right hand)
 E - a cursed -2 ring of intelligence {unknown}
Wands
 q - a wand of random effects (48/48)
Scrolls
 f - a scroll of amnesia
 h - a scroll of fear
 i - 3 scrolls of recharging
 j - a scroll of immolation
 k - 4 scrolls of identify
 m - a scroll of teleportation
 y - 4 scrolls of noise
 C - a scroll of remove curse
 D - 2 scrolls of enchant weapon
Potions
 d - 2 potions of heal wounds
 e - 3 potions of berserk rage
 o - 2 potions of cancellation
 t - a potion of agility
 v - 3 potions of might
 x - 2 potions of curing
 z - a potion of ambrosia
 A - a potion of invisibility
Books
 b - a book of Flames

   Spells                             Type                      Level
   a - Flame Tongue                   Conjuration/Fire             1
   b - Throw Flame                    Conjuration/Fire             2
   c - Conjure Flame                  Conjuration/Fire             3
   d - Inner Flame                    Hexes/Fire                   3
   e - Sticky Flame                   Conjuration/Fire             4
   f - Fireball                       Conjuration/Fire             5
 l - a book of Cantrips

   Spells                             Type                      Level
   a - Confusing Touch                Hexes                        1
   b - Animate Skeleton               Necromancy                   1
   c - Summon Small Mammal            Summoning                    1
   d - Apportation                    Translocation                1
 r - a book of Conjurations

   Spells                             Type                      Level
   a - Magic Dart                     Conjuration                  1
   b - Searing Ray                    Conjuration                  2
   c - Dazzling Spray                 Conjuration/Hexes            3
   d - Fulminant Prism                Conjuration/Hexes            4
   e - Iskenderun's Mystic Blast      Conjuration                  4
   f - Iskenderun's Battlesphere      Conjuration/Charms           5
 F - a book of Necromancy

   Spells                             Type                      Level
   a - Pain                           Necromancy                   1
   b - Animate Skeleton               Necromancy                   1
   c - Vampiric Draining              Necromancy                   3
   d - Regeneration                   Charms/Necromancy            3
   e - Animate Dead                   Necromancy                   4
   f - Control Undead                 Necromancy                   4
Comestibles
 c - 8 bread rations
 n - 2 meat rations


   Skills:
 - Level 2.4 Dodging
 - Level 2.4 Stealth
 + Level 9.2 Spellcasting
 + Level 7.3 Conjurations
 + Level 4.8 Charms
 * Level 10.6 Fire Magic
 - Level 4.0 Air Magic


You had 7 spell levels left.
You knew the following spells:

 Your Spells              Type           Power        Failure   Level  Hunger
a - Flame Tongue          Conj/Fire      #####        1%          1    None
b - Conjure Flame         Conj/Fire      ######..     1%          3    None
c - Sticky Flame          Conj/Fire      ######..     1%          4    ##.....
d - Fireball              Conj/Fire      ######....   1%          5    ####...
e - Iskenderun's Battles  Conj/Chrm      #####...     4%          5    ####...
f - Shock                 Conj/Air       ####         1%          1    None


Dungeon Overview and Level Annotations

Branches:
Dungeon (8/15)             Temple (0/1) D:5
   Lair: D:8-11

Altars:
Ashenzari
Dithmenos
Gozag
Nemelex Xobeh
Vehumet
The Shining One

Shops:
D:5 (

Annotations:
D:8 Gastronok


Message History

Efeel's ghost is almost destroyed.
The bat closely misses you. The river rat bites you. The white imp misses you.
The rat barely misses you. The crimson imp closely misses you.
Efeel's ghost mumbles some strange words.
The river rat bites you but does no damage.
You sock efeel's ghost! You burn efeel's ghost.
You destroy efeel's ghost!
Vehumet accepts your kill.
The crimson imp disappears in a puff of smoke!
The white imp disappears in a puff of smoke!
The river rat disappears in a puff of smoke!
The bat disappears in a puff of smoke!
The rat disappears in a puff of smoke!
The shadow imp disappears in a puff of smoke!
Your Spellcasting skill increases to level 9!
Gastronok bubbles merrily.
There is a stone staircase leading up here.
Gastronok waves his eye-stalks in wide circles.
The air twists around and strikes you!
Ouch! That really hurt!
You die...

..# #..#.......# ##.
$$.# ##......##..## #..
$_$.# ##......<.....#
#..
$$..##...##........###:.
#.....###.)...........
###...# #.w####.......
##.## #..####..##...
#..###!.##...#####.
##.@.w.[......# .
##........###..# .
#.....)...# #...# .
#.......##.# #....#
.........###.# #..##..
..#.......## #.# ..##
#.. #......## .. ..# ###
#....... . ..# #....##.


You could see Gastronok.

Vanquished Creatures
  The ghost of efeel the Summoner, a novice KoSu of Sif Muna (D:8)
  Joseph (D:8)
  Grinder (D:4)
  Sigmund (D:5)
  A spriggan (D:7)
  A water moccasin (D:8)
  An orc warrior (D:8)
  A sky beast (D:7)
  An ice beast (D:7)
  2 ogres (D:5)
  4 centaurs
  6 bullfrogs
  2 scorpions
  2 howler monkeys
  6 crimson imps
  A bullfrog zombie (D:6)
  3 hounds
  A jelly (D:4)
  A centaur skeleton (D:7)
  3 orc priests
  Crazy Yiuf (D:3)
  A bullfrog skeleton (D:5)
  An iguana (D:4)
  Natasha (thrice) (D:3)
  8 orc wizards
  A worker ant (D:8)
  3 worker ant zombies
  3 gnolls (D:7)
  5 adders
  2 adder skeletons
  2 worms
  2 dart slugs
  2 leopard geckos
  15 orcs
  8 bats
  6 giant cockroaches
  7 goblins
  3 hobgoblins
  16 jackals
  2 quokkas
  2 ball pythons
  2 frilled lizards
  A kobold (D:3)
  6 rats
142 creatures vanquished.

Vanquished Creatures (others)
  An orc (D:3)
1 creature vanquished.

Grand Total: 143 creatures vanquished

Notes
Turn   | Place    | Note
-------+----------+-------------------------------------------
     0 | D:1      | Jynx the Deep Elf Fire Elementalist began the quest for the Orb.
     0 | D:1      | Reached XP level 1. HP: 10/10 MP: 6/6
   606 | D:1      | Reached XP level 2. HP: 15/15 MP: 5/8
  1157 | D:2      | Found a shattered altar of Ashenzari.
  1170 | D:2      | Reached skill level 4 in Fire Magic
  1170 | D:2      | Reached XP level 3. HP: 17/19 MP: 3/10
  1256 | D:2      | Found a radiant altar of Vehumet.
  1301 | D:2      | Became a worshipper of Vehumet
  2131 | D:2      | Learned a level 3 spell: Conjure Flame
  2232 | D:3      | Noticed Natasha
  2236 | D:3      | Killed Natasha
  2236 | D:3      | Reached XP level 4. HP: 11/24 MP: 7/12
  2419 | D:3      | Noticed Natasha
  2424 | D:3      | Killed Natasha
  2583 | D:3      | Noticed Natasha
  2587 | D:3      | Killed Natasha
  2587 | D:3      | Reached XP level 5. HP: 25/28 MP: 9/13
  2639 | D:3      | Reached skill level 5 in Fire Magic
  2650 | D:3      | Found a sparkling altar of Nemelex Xobeh.
  2939 | D:3      | Reached * piety under Vehumet
  2939 | D:3      | Offered knowledge of Shock by Vehumet.
  3086 | D:3      | Found a runed door.
  3090 | D:3      | Noticed Crazy Yiuf
  3095 | D:3      | Killed Crazy Yiuf
  3506 | D:4      | Noticed Grinder
  3508 | D:4      | Paralysed by Grinder for 6 turns
  3542 | D:5      | Entered Level 5 of the Dungeon
  3854 | D:4      | Reached skill level 5 in Spellcasting
  3854 | D:4      | Reached XP level 6. HP: 32/32 MP: 12/15
  4013 | D:4      | Learned a level 4 spell: Sticky Flame
  4019 | D:4      | Reached skill level 6 in Fire Magic
  4123 | D:4      | Killed Grinder
  4123 | D:4      | Reached XP level 7. HP: 19/36 MP: 8/17
  4619 | D:5      | Found a staircase to the Ecumenical Temple.
  4638 | D:5      | Learned a level 1 spell: Shock
  4802 | D:5      | Found Anti's Weapon Boutique.
  4826 | D:5      | Reached skill level 7 in Fire Magic
  5038 | D:5      | Reached skill level 1 in Air Magic
  5072 | D:5      | Noticed Sigmund
  5094 | D:5      | Killed Sigmund
  5594 | D:5      | Reached XP level 8. HP: 40/41 MP: 8/19
  5600 | D:5      | Offered knowledge of Sting by Vehumet.
  5637 | D:5      | Reached skill level 5 in Conjurations
  5774 | D:5      | Reached ** piety under Vehumet
  5890 | D:5      | Found a glowing golden altar of the Shining One.
  6141 | D:6      | Reached skill level 8 in Fire Magic
  6841 | D:7      | Reached skill level 9 in Fire Magic
  6850 | D:7      | Learned a level 5 spell: Fireball
  6864 | D:7      | Learned a level 5 spell: Iskenderun's Battlesphere
  7042 | D:7      | HP: 2/41 [centaur/arrow (7)]
  7043 | D:7      | Reached XP level 9. HP: 2/45 MP: 10/22
  7410 | D:7      | Offered knowledge of Static Discharge by Vehumet.
  7560 | D:7      | Reached skill level 1 in Charms
  7567 | D:7      | Reached *** piety under Vehumet
  8201 | D:8      | Noticed Joseph
  8206 | D:8      | Noticed Gastronok
  8207 | D:8      | Found an opulent altar of Gozag.
  8688 | D:8      | Found a shadowy altar of Dithmenos.
  8847 | D:8      | Reached skill level 10 in Fire Magic
  9006 | D:8      | Killed Joseph
  9174 | D:8      | Noticed efeel's ghost (novice KoSu)
  9185 | D:8      | Killed efeel's ghost
  9188 | D:8      | Killed from afar by Gastronok

Skill      XL: |  1  2  3  4  5  6  7  8  9 |
---------------+----------------------------+-----
Conjurations   | 2 3 4 6 7 |  7.3
Fire Magic     | 4 5 6 7 9 10 | 10.6
Spellcasting   | 4 5 6 7 9 |  9.2
Air Magic      | 2 3 4 |  4.0
Charms         | 4 |  4.8
Dodging        | |  2.4
Stealth        | |  2.4

Action                   |  1- 3 |  4- 6 |  7- 9 || total
-------------------------+-------+-------+-------++-------
Melee: Quarterstaff      |       |     1 |    67 ||    68
 Cast: Flame Tongue      |    67 |    85 |   179 ||   331
       Conjure Flame     |       |     1 |     3 ||     4
       Sticky Flame      |       |     2 |    10 ||    12
       Shock             |       |       |    17 ||    17
       Fireball          |       |       |    18 ||    18
  Use: Scroll            |       |       |    19 ||    19
 Stab: Petrifying        |       |       |     1 ||     1
  Eat: Chunk             |     4 |     5 |    13 ||    22
       Meat ration       |       |       |     1 ||     1
       Beef jerky        |       |       |     1 ||     1
Armor: Robe              |       |     3 |    50 ||    53
Dodge: Dodged            |    26 |    29 |   101 ||   156
